 Dungeon Crawl Stone Soup version 0.30-a0-937-ga0a21ad780 (webtiles) character file.

Game seed: 415031359028845513

101255 Lobster4 the Thaumaturge (level 16, -4/118 HPs)
             Began as a Djinni Fire Elementalist on Mar 25, 2023.
             Was the Champion of Makhleb.
             Slain by a skeletal warrior
             ... wielding a +0 flail
              (18 damage)
             ... on level 12 of the Dungeon.
             The game lasted 01:39:30 (23118 turns).

Lobster4 the Thaumaturge (DjFE)                    Turns: 23118, Time: 01:39:31

Health: -4/118     AC: 13    Str: 11    XL:     16   Next: 82%
Gold:   1159       EV: 14    Int: 33    God:    Makhleb [******] SH:  5 Dex: 12

rFire   + . .      SeeInvis +    R - +9 great sword of Fae Absolution {venom, rC+ Dex-2 SInv}
rCold   + + .      Faith    .    (shield currently unavailable)
rNeg    + + +      Spirit   .    w - +1 ring mail {rC+}
rPois   ∞          Reflect  +    (no helmet)
rElec   +          Rampage  .    W - +2 cloak {Stlth+}
rCorr   +                        j - +0 pair of gloves of Valour {*Corrode Regen+ Str+2 Int+5}
Will    ++...                    (boots unavailable)
Stlth   ++                       F - amulet "Zethimut" {Reflect Fly rN+ Will+ Int+3 SH+5}
HPRegen 1.19/turn                q - ring of the Mantidfly {rElec rF- rN+++ rCorr Str+2 Slay-4}
MPRegen 0.00/turn                M - ring of protection from cold

@: flying
A: sickness immunity, fire resistance 2, cold vulnerability 1, float, innate
caster, HP casting, extra vitality 1
a: Renounce Religion, Minor Destruction, Lesser Servant of Makhleb, Major
Destruction, Greater Servant of Makhleb


You were on level 12 of the Dungeon.
You worshipped Makhleb.
Makhleb was exalted by your worship.
You visited 4 branches of the dungeon, and saw 20 of its levels.
You also visited: Ossuary, Bailey, Gauntlet, Ice Cave and Volcano.

You collected 2269 gold pieces.
You spent 1110 gold pieces at shops.

Inventory:

Hand Weapons
 h - a +3 dagger of venom
 n - the +6 sling "Boisef" {flame, Str+3}
   (You bought it in a shop on level 2 of the Orcish Mines)

   Str:       It affects your strength (+3).
 s - a +2 long sword of electrocution
 K - a +0 longbow of flaming
 O - a +2 short sword of holy wrath
 Q - a +1 arbalest of electrocution
 R - the +9 great sword of Fae Absolution (weapon) {venom, rC+ Dex-2 SInv}
   (You took it off a minotaur in a Gauntlet)

   Dex:       It affects your dexterity (-2).
   rC:        It protects you from cold.
   SInv:      It lets you see invisible.
Missiles
 c - 41 poisoned darts (quivered)
Armour
 j - the +0 pair of gloves of Valour (worn) {*Corrode Regen+ Str+2 Int+5}
   (You acquired it on level 2 of the Lair of Beasts)

   Str:       It affects your strength (+2).
   Int:       It affects your intelligence (+5).
   Regen:     It increases your rate of health regeneration.
   *Corrode:  It may corrode you when you take damage.
 w - a +1 ring mail of cold resistance (worn)
 N - a +1 leather armour of fire resistance
 P - a +2 pair of gloves of strength
 W - a +2 cloak of stealth (worn)
Jewellery
 q - the ring of the Mantidfly (left hand) {rElec rF- rN+++ rCorr Str+2 Slay-4}
   (You found it in a Gauntlet)

   [ring of resist corrosion]

   Str:       It affects your strength (+2).
   Slay:      It affects your accuracy & damage with ranged weapons and melee
   (-4).
   rF:        It makes you vulnerable to fire.
   rElec:     It insulates you from electricity.
   rN:        It renders you almost immune to negative energy.
   rCorr:     It protects you from acid and corrosion.
 C - a ring of positive energy
 F - the amulet "Zethimut" (around neck) {Reflect Fly rN+ Will+ Int+3 SH+5}
   (You acquired it on level 10 of the Dungeon)

   [amulet of reflection]

   It reflects blocked missile attacks.
   Int:       It affects your intelligence (+3).
   rN:        It protects you from negative energy.
   Fly:       It grants you flight.
   SH:        It affects your SH (+5).
   Will:      It increases your willpower.
 J - a ring of see invisible
 M - a ring of protection from cold (right hand)
Wands
 a - a wand of flame (31)
 v - a wand of mindburst (6)
 I - a wand of paralysis (8)
 L - a wand of polymorph (5)
Scrolls
 d - 2 scrolls of blinking
 e - 11 scrolls of teleportation
 p - 2 scrolls of silence
 y - 2 scrolls of poison
 z - 2 scrolls of immolation
 A - 6 scrolls of fear
 E - 2 scrolls of magic mapping
 G - a scroll of fog
 S - a scroll of enchant weapon
Potions
 f - 3 potions of might
 g - 3 potions of haste
 i - 2 potions of cancellation
 l - 5 potions of curing
 m - 8 potions of brilliance
 o - 6 potions of heal wounds
 r - 7 potions of mutation
 t - 2 potions of ambrosia
 x - 3 potions of invisibility
 B - 2 potions of resistance
 D - 3 potions of lignification
Miscellaneous
 u - a box of beasts
 H - a lightning rod (4/4)
 U - a phantom mirror


   Skills:
 + Level 11.8 Fighting
 - Level 2.0(4.5) Short Blades
 + Level 6.4(6.6) Long Blades
 - Level 3.0 Ranged Weapons
 - Level 2.0 Throwing
 + Level 11.3 Armour
 + Level 11.5 Dodging
 - Level 2.0 Stealth
 * Level 13.2 Spellcasting
 + Level 9.6 Invocations
 - Level 3.0 Evocations


You knew the following spells:

 Your Spells              Type           Power      Damage    Failure   Level
a - Foxfire               Conj/Fire      100%       2x1d9     1%          1
b - Scorch                Fire           100%       2d10      1%          2
c - Mephitic Cloud        Conj/Pois/Air  83%        N/A       1%          3
d - Kiss of Death         Conj/Necr      100%       2d13      1%          1
e - Flame Wave            Conj/Fire      83%        2d18      1%          4
f - Inner Flame           Hex/Fire       83%        N/A       1%          3
g - Passwall              Tmut/Erth      69%        N/A       1%          2
h - Teleport Other        Tloc           83%        N/A       1%          3
i - Dispersal             Tloc           41%        N/A       2%          6
j - Silence               Hex/Air        41%        N/A       1%          5
k - Kindle Blastsparks    Fire/Tloc/Air  100%       2d18      1%          3
p - Fulminant Prism       Conj/Hex       41%        3d19      1%          4
Your spell library was empty.

Dungeon Overview and Level Annotations

Branches:
Dungeon (12/15)            Temple (1/1) D:5            Lair (5/5) D:8
  Swamp (0/4) Lair:3        Snake (0/4) Lair:3        Slime (0/5) Lair:5
    Orc (2/2) D:10            Elf (0/3) Orc:2       Ossuary (visited)
 Bailey (visited)           IceCv (visited)         Volcano (visited)
Gauntlet (visited)

Altars:
Ashenzari
Cheibriados
Dithmenos
Elyvilon
Fedhas
Gozag
Hepliaklqana
Makhleb
Nemelex Xobeh
Okawaru
Qazlal
Ru
Trog
Uskayaw
Wu Jian
Xom
Yredelemnul
Zin
The Shining One
Jiyva

Shops:
D:10 [   D:12 :**   Orc:1 !   Orc:2 *(:*


Innate Abilities, Weirdness & Mutations

You are immune to sickness and miasma.
You are immune to poison.
Your flesh is very heat resistant. (rF++)
You are vulnerable to cold. (rC-)
You float through the air rather than walking.
You learn spells naturally, not from books.
Your magical power is your life essence.
You have superior vitality. (+4 MHP)


Message History

The flame wave engulfs the skeletal warrior!
You destroy the skeletal warrior!
Makhleb accepts your kill.
You feel better.
The flame wave engulfs the skeletal warrior but does no damage.
The skeletal warrior is moderately damaged.
You finish channelling waves of flame.
The skeletal warrior closely misses you.
You block the skeletal warrior's attack.
Casting: Flame Wave (safe; 1% risk of failure)
Confirm with . or Enter, or press ? or * to list all spells.
Casting: Flame Wave (safe; 1% risk of failure)
Press: ? - help, Dir - look around, f - activate A wave of flame ripples out!
The flame wave engulfs the skeletal warrior but does no damage.
The skeletal warrior is severely damaged. (Press . to intensify the flame waves.)
The skeletal warrior hits you with a +0 flail!
The skeletal warrior misses you.
A wave of flame ripples out!
The flame wave engulfs the skeletal warrior!
The skeletal warrior is almost destroyed.
The flame wave engulfs the skeletal warrior!
The skeletal warrior is heavily damaged.
The skeletal warrior hits you with a +0 flail!
* * * LOW HITPOINT WARNING * * *
The skeletal warrior closely misses you.
A wave of flame ripples out!
The flame wave engulfs the skeletal warrior!
The skeletal warrior is almost destroyed.
The flame wave engulfs the skeletal warrior.
The skeletal warrior is heavily damaged.
* * * LOW HITPOINT WARNING * * *
You finish channelling waves of flame.
The skeletal warrior hits you with a +0 flail!!
* * * LOW HITPOINT WARNING * * *
The skeletal warrior closely misses you.
The skeletal warrior attacks as you move away!
The skeletal warrior hits you with a +0 flail!!
You die... ###### #.........# .....# #.........# .....# ......... .....# ....... .....+ ..... .....# ))z

.....# #z# #'####
###@# ..# #...#
####### ####'####
......# #...∩...#
......### #.......#
.....(..# #.......#
......#.###.......#
......#...'.....[.#
......#####.......#


You could see 2 skeletal warriors.

Vanquished Creatures
  Jorgrun (Orc:1)
  An orc warlord (Bailey)
  A dire elephant (Gauntlet)
  A minotaur (Gauntlet)
  Erolcha (D:9)
  4 ogre magi (Orc:2)
  2 hydras
  A boulder beetle (Lair:1)
  20 two-headed ogres
  16 death yaks
  3 catoblepae (Lair:5)
  An orc high priest (Orc:1)
  A hell knight (Volcano)
  A soul eater (Gauntlet)
  A skyshark (Lair:5)
  Amaemon (Lair:1)
  A salamander mystic (Volcano)
  2 skeletal warriors (D:12)
  Pikel (D:6)
  2 orc knights (Bailey)
  A lindwurm (Lair:2)
  2 orc sorcerers (Orc:1)
  A cyclops (D:12)
  3 manticores
  6 salamanders (Volcano)
  An elephant (Gauntlet)
  2 ice statues (IceCv)
  A smoke demon (Gauntlet)
  6 black mambas
  2 gargoyles (D:12)
  An orange demon (Lair:1)
  A torpor snail (Lair:5)
  5 rime drakes
  6 komodo dragons
  An unseen horror (D:10)
  7 cane toads
  7 ice devils (IceCv)
  2 kobold demonologists
  4 trolls
  A wind drake (shapeshifter) (D:12)
  23 blink frogs
  2 dire elephant simulacra (IceCv)
  2 wyverns
  4 basilisks
  A vampire (D:11)
  57 yaks
  8 vampire mosquitoes
  Menkaure (D:5)
  2 acid dragons
  4 wargs
  2 nagas (Lair:3)
  9 water moccasins
  2 ice beasts
  4 black bears
  25 orc warriors
  3 wolves (Lair:5)
  12 centaurs
  29 ogres
  3 lemures
  2 kobold brigands
  2 gnoll sergeants (D:9)
  2 two-headed ogre simulacra (IceCv)
  9 bullfrogs
  A scorpion (D:6)
  3 wights (D:9)
  9 killer bees
  7 howler monkeys
  2 crimson imps (Gauntlet)
  3 hounds
  3 human zombies (Ossuary)
  2 jellies (D:6)
  11 orc priests
  2 sleepcaps
  Ijyb (D:5)
  Natasha (thrice) (D:3)
  Terence (D:3)
  13 orc wizards
  An iguana (D:7)
  4 hell rats (Lair:2)
  3 troll simulacra (IceCv)
  4 polar bear simulacra (IceCv)
  2 spriggan simulacra (IceCv)
  2 wolf simulacra (IceCv)
  6 mummies
  9 adders
  17 gnolls
  3 naga simulacra (IceCv)
  2 shadow imps (Gauntlet)
  4 white imps
  7 ufetubi
  A worm (D:3)
  2 dart slugs
  63 orcs
  7 ball pythons
  5 endoplasms
  3 giant cockroaches
  23 goblins
  16 hobgoblins
  4 quokkas
  7 bats
  3 frilled lizards
  2 goblin zombies (Ossuary)
  15 kobolds
  2 kobold zombies (Ossuary)
  An orc zombie (Ossuary)
  9 rats
  5 butterflies
  5 foxfires
628 creatures vanquished.

Vanquished Creatures (collateral kills)
  A reaper (IceCv)
  A troll (Orc:1)
  2 wargs (Orc:1)
  An orc (Orc:1)
  26 foxfires
31 creatures vanquished.

Vanquished Creatures (others)
  An orc priest (Orc:1)
  2251 foxfires
  11 fulminant prisms
  11 fungi
  31 plants
  22 withered plants (Gauntlet)
2327 creatures vanquished.

Grand Total: 2986 creatures vanquished

Notes
Turn   | Place    | Note
-------+----------+-------------------------------------------
     0 | D:1      | Lobster4 the Djinni Fire Elementalist began the quest for
                  | the Orb.
     0 | D:1      | Lobster4 set off with the following spells memorised:
                  | Foxfire, Scorch, Kindle Blastsparks, Inner Flame, Flame
                  | Wave.
     0 | D:1      | Reached XP level 1. HP: 15/15 MP: 0/0
   227 | D:1      | Reached XP level 2. HP: 20/22 MP: 0/0
   331 | D:1      | Found a faded altar of an unknown god.
   442 | D:1      | Reached XP level 3. HP: 23/26 MP: 0/0
   442 | D:1      | Learned a level 1 spell: Kiss of Death
   881 | D:2      | Reached skill level 1 in Fighting
  1006 | D:2      | Reached skill level 1 in Armour
  1006 | D:2      | Reached XP level 4. HP: 28/32 MP: 0/0
  1188 | D:2      | Reached skill level 3 in Spellcasting
  1546 | D:3      | Noticed Natasha
  1551 | D:3      | Killed Natasha
  1552 | D:3      | Reached skill level 1 in Short Blades
  1552 | D:3      | Reached XP level 5. HP: 31/37 MP: 0/0
  1552 | D:3      | Learned a level 2 spell: Passwall
  1727 | D:3      | Noticed Natasha
  1730 | D:3      | Killed Natasha
  2057 | D:3      | Found a shadowy altar of Dithmenos.
  2304 | D:3      | Reached XP level 6. HP: 32/43 MP: 0/0
  2308 | D:3      | Noticed Terence
  2442 | D:3      | Killed Terence
  2729 | D:4      | Found a shimmering altar of Xom.
  3020 | D:4      | Found a glowing golden altar of the Shining One.
  3021 | D:4      | Found a white marble altar of Elyvilon.
  3023 | D:4      | Found a glowing silver altar of Zin.
  3045 | D:4      | Noticed a black bear
  3046 | D:4      | Noticed a black bear
  3175 | D:3      | Noticed Natasha
  3182 | D:3      | Killed Natasha
  3183 | D:3      | Reached XP level 7. HP: 41/49 MP: 0/0
  3183 | D:3      | Learned a level 3 spell: Mephitic Cloud
  3273 | D:5      | Entered Level 5 of the Dungeon
  3290 | D:5      | Noticed Menkaure
  3302 | D:5      | Killed Menkaure
  3303 | D:5      | Reached skill level 4 in Spellcasting
  3444 | D:5      | Reached skill level 1 in Evocations
  3567 | D:5      | Noticed Ijyb
  3572 | D:5      | Reached XP level 8. HP: 53/56 MP: 0/0
  3575 | D:5      | Killed Ijyb
  3657 | D:5      | Found a staircase to the Ecumenical Temple.
  3666 | Temple   | Entered the Ecumenical Temple
  3676 | Temple   | Became a worshipper of Makhleb the Destroyer
  3961 | D:5      | Found a basalt altar of Yredelemnul.
  4376 | D:6      | Noticed Pikel
  4378 | D:6      | Found a sand-covered staircase.
  4386 | Ossuary  | Entered an ossuary
  4523 | Ossuary  | Reached skill level 5 in Spellcasting
  5228 | D:6      | Reached * piety under Makhleb
  5229 | D:6      | Reached skill level 5 in Dodging
  5405 | D:6      | Reached XP level 9. HP: 59/62 MP: 0/0
  5405 | D:6      | Learned a level 3 spell: Teleport Other
  5488 | D:6      | Killed Pikel
  5925 | D:7      | Reached skill level 5 in Armour
  6415 | D:4      | Reached skill level 6 in Spellcasting
  6448 | D:4      | Found a shimmering altar of Xom.
  6657 | D:4      | Found a glowing golden altar of the Shining One.
  6659 | D:4      | Found a white marble altar of Elyvilon.
  6660 | D:4      | Found a glowing silver altar of Zin.
  6820 | D:8      | Reached skill level 5 in Fighting
  6826 | D:8      | Reached XP level 10. HP: 33/70 MP: 0/0
  7257 | D:8      | Noticed a komodo dragon
  7540 | D:9      | Noticed a kobold demonologist
  7548 | D:9      | Noticed a soul eater
  7552 | D:9      | Killed a kobold demonologist
  7553 | D:9      | Reached skill level 1 in Invocations
  7636 | D:9      | Found a flagged portal.
  7688 | Bailey   | Entered a bailey
  7759 | Bailey   | Reached skill level 1 in Throwing
  7771 | Bailey   | Reached skill level 7 in Spellcasting
  8283 | Bailey   | Reached ** piety under Makhleb
  8447 | Bailey   | Noticed an orc knight
  8473 | Bailey   | Killed an orc knight
  8636 | Bailey   | Noticed an orc knight
  8691 | Bailey   | Killed an orc knight
  8716 | Bailey   | Reached XP level 11. HP: 46/78 MP: 0/0
  8716 | Bailey   | Learned a level 4 spell: Fulminant Prism
  8890 | Bailey   | Noticed an orc warlord
  9072 | Bailey   | Killed an orc warlord
  9073 | Bailey   | Reached skill level 8 in Spellcasting
  9355 | D:9      | Found a blossoming altar of Fedhas.
  9406 | D:9      | Noticed Erolcha
  9799 | D:9      | Reached *** piety under Makhleb
 10100 | D:9      | Killed Erolcha
 10221 | D:9      | Found a sacrificial altar of Ru.
 10247 | D:10     | Entered Level 10 of the Dungeon
 10338 | D:10     | Noticed a two-headed ogre
 10349 | D:10     | Killed a two-headed ogre
 10425 | D:10     | Found a hide-covered altar of Uskayaw.
 10832 | D:10     | Found Otwaruitz's Armour Boutique.
 10835 | D:10     | Acquired the amulet "Zethimut" {Reflect Fly rN+ Will+ Int+3
                  | SH+5}
 10842 | D:10     | Bought a +0 cloak for 72 gold pieces
 10854 | D:10     | Reached skill level 9 in Spellcasting
 10854 | D:10     | Reached XP level 12. HP: 88/88 MP: 0/0
 10855 | D:10     | Reached skill level 10 in Spellcasting
 10855 | D:10     | Reached skill level 5 in Invocations
 10855 | D:10     | Reached XP level 13. HP: 94/94 MP: 0/0
 10855 | D:10     | Learned a level 5 spell: Silence
 11044 | D:10     | Found an opulent altar of Gozag.
 11044 | D:10     | Found a sparkling altar of Nemelex Xobeh.
 11466 | D:10     | Found a staircase to the Orcish Mines.
 11675 | D:10     | Bought a +0 pair of gloves of strength for 184 gold pieces
 11942 | D:11     | You are sucked into a shaft and drop 1 floor!
 11946 | D:11     | Found a gate leading to a gauntlet.
 11949 | Gauntlet | Entered a Gauntlet
 11949 | Gauntlet | Found a transporter.
 11949 | Gauntlet | Found a transporter.
 11949 | Gauntlet | Found a transporter.
 11961 | Gauntlet | Found a transporter.
 11964 | Gauntlet | Found a transporter.
 11968 | Gauntlet | Found a runed translucent door.
 11972 | Gauntlet | Found a transporter.
 11975 | Gauntlet | Found a transporter.
 11994 | Gauntlet | Found a transporter.
 12003 | Gauntlet | Found a transporter.
 12011 | Gauntlet | Noticed a dire elephant
 12021 | Gauntlet | Found a transporter.
 12025 | Gauntlet | Found a transporter.
 12035 | Gauntlet | Found a transporter.
 12080 | Gauntlet | Found a runed translucent door.
 12141 | Gauntlet | Identified the ring of the Mantidfly {rElec rF- rN+++ rCorr
                  | Str+2 Slay-4}
 12357 | Gauntlet | Killed a dire elephant
 12358 | Gauntlet | Reached XP level 14. HP: 25/101 MP: 0/0
 12582 | Gauntlet | Identified the +9 great sword of Fae Absolution {venom, rC+
                  | Dex-2 SInv}
 12582 | Gauntlet | Noticed a minotaur
 12605 | Gauntlet | Killed a minotaur
 12794 | Gauntlet | Identified the +9 battleaxe "Plog" {pain, Dex+6}
 13067 | D:11     | Reached **** piety under Makhleb
 13406 | D:11     | Identified the +9 falchion "Genkara" {pain, Dex+2}
 13910 | D:8      | Reached skill level 1 in Long Blades
 14023 | D:8      | Found a staircase to the Lair.
 14132 | Lair:1   | Entered Level 1 of the Lair of Beasts
 14180 | Lair:1   | Found a frozen archway.
 14246 | IceCv    | Entered an ice cave
 14462 | IceCv    | Reached skill level 1 in Ranged Weapons
 14462 | IceCv    | Reached skill level 11 in Spellcasting
 14980 | IceCv    | Noticed a reaper
 14987 | IceCv    | Killed a reaper
 14987 | IceCv    | Reached ***** piety under Makhleb
 15217 | Lair:1   | Reached skill level 10 in Armour
 15335 | Lair:1   | Noticed Amaemon
 15347 | Lair:1   | Killed Amaemon
 15577 | Lair:1   | Reached skill level 10 in Fighting
 15669 | Lair:1   | Identified the +5 ring mail "Jupn" {Harm Will+ Str+2 SInv}
 16180 | Lair:2   | Reached skill level 10 in Dodging
 16631 | Lair:2   | Found a dark tunnel.
 16640 | Volcano  | Entered a volcano
 17213 | Volcano  | Reached XP level 15. HP: 91/109 MP: 0/0
 17213 | Volcano  | Learned a level 6 spell: Dispersal
 17710 | Lair:2   | Acquired the +0 pair of gloves of Valour {*Corrode Regen+
                  | Str+2 Int+5}
 18370 | Lair:3   | Found a staircase to the Snake Pit.
 18533 | Lair:3   | Found a staircase to the Swamp.
 18658 | Lair:3   | Reached skill level 12 in Spellcasting
 19033 | Lair:4   | Identified the +11 whip "Riost" {heavy, rN+ rCorr}
 19637 | Lair:5   | Entered Level 5 of the Lair of Beasts
 20375 | Lair:5   | Reached skill level 5 in Long Blades
 20375 | Lair:5   | Reached ****** piety under Makhleb
 20731 | Lair:5   | Reached XP level 16. HP: 98/108 MP: 0/0
 20853 | Lair:5   | Found a viscous altar of Jiyva.
 20853 | Lair:5   | Found a staircase to the Slime Pits.
 21160 | Orc:1    | Entered Level 1 of the Orcish Mines
 21160 | Orc:1    | Noticed Jorgrun
 21306 | Orc:1    | Killed Jorgrun
 21496 | Orc:1    | Found Kesyaris's Distillery.
 21511 | Orc:1    | Bought a potion of haste for 130 gold pieces
 21511 | Orc:1    | Bought a potion of heal wounds for 65 gold pieces
 21655 | Orc:2    | Entered Level 2 of the Orcish Mines
 21712 | Orc:2    | Found a staircase to the Elven Halls.
 21935 | Orc:2    | Found Upehyjae's Book Emporium.
 21935 | Orc:2    | Found Dall's Assorted Antiques.
 22295 | Orc:2    | Reached skill level 13 in Spellcasting
 22433 | Orc:2    | Found Weurot's Assorted Antiques.
 22433 | Orc:2    | Found Koopnipn's Antique Weapon Emporium.
 22442 | Orc:2    | Bought an iridescent sling for 221 gold pieces
 22442 | Orc:2    | Identified the +6 sling "Boisef" {flame, Str+3} (You bought
                  | it in a shop on level 2 of the Orcish Mines)
 22443 | Orc:2    | Bought a shimmering robe for 153 gold pieces
 22443 | Orc:2    | Identified the +0 robe "Bethrelung" {*Corrode rElec Str+2
                  | Int+2} (You bought it in a shop on level 2 of the Orcish
                  | Mines)
 22741 | D:12     | Found Hiff's General Store.
 22969 | D:12     | Found Famun's Book Boutique.
 23088 | D:12     | Found Teek's Assorted Antiques.
 23097 | D:12     | Bought a scroll of blinking for 285 gold pieces
 23118 | D:12     | Slain by a skeletal warrior

Illustrated notes

Levels and vault maps discovered:
D:1:      scummos_arrival_gate, layout_basic, basic_ecumenical_altar,
          serial_aquarium, aquarium_bridge_long_joined
          [aquarium_subvault_window, aquarium_subvault_window,
          aquarium_subvault_wall, aquarium_subvault_bridge,
          aquarium_subvault_bridge, aquarium_subvault_window],
          aquarium_window_1, aquarium_window_fake, aquarium_window_corridor_3,
          aquarium_window_corner, aquarium_view_2b, aquarium_view_2d,
          aquarium_pool_corner
D:2:      layout_rooms, corner_web_ring, feat_on_display
D:3:      layout_basic, grunt_dithmenos_smoke, uniq_natasha, uniq_terence
D:4:      layout_basic, good_gods_temple_1, xom_butterflies
D:5:      layout_rooms, general_overflow_altar,
          mainiacjoe_overflow_cross_hatched, minmay_temple_entry_junction_2,
          hangedman_decor_push, minmay_misc_feat_secret_circle, uniq_ijyb,
          uniq_menkaure
D:6:      kennysheep_six_static_rooms, layout_basic, gup_ossuary_entry_pyramid,
          uniq_pikel
D:7:      layout_rooms
D:8:      layout_basic, erik_lair_dragon
D:9:      layout_rooms, nicolae_ru_path_of_blood,
          nicolae_overflow_crystal_walls, enter_bailey_3,
          chequers_serial_rivers_micro_c, uniq_erolcha
D:10:     layout_loops_ring, grunt_temple_overflow_opulence,
          chequers_temple_overflow_statue_of_worship, david_orc_1_choice,
          serial_shops, kennysheep_mini, serial_co_window_serial,
          co_window_paths_b, co_window_corner_a, co_window_paths_a,
          co_window_paths_a, co_window_corner_a, co_window_of_opportunity_a,
          co_window_cross_1, co_window_paths_c, co_window_broadway_b,
          co_window_corner_b, co_window_4corner_a, co_window_paths_d,
          glass_columns_a, glass_columns_c, glass_columns_a, glass_columns_c,
          glass_columns_a, moated_statue
D:11:     layout_loops_ring, gauntlet_entry_generic,
          hangedman_abyss_or_decor_passed
D:12:     layout_roguey, serial_corexii_hall, corexii_hall_statues_s,
          corexii_hall_statues_t, serial_shops, shop, shop, shop,
          nicolae_diamond_shop, shop, nicolae_hepliaklqana_hazy_memory
Temple:   hellmonk_temple_rainy
Lair:1:   layout_cave_pods, portal_ice_cave_rime, uniq_amaemon
Lair:2:   layout_chaotic_city, nicolae_volcano_entry_vermiform,
          lemuel_fruit_fields
Lair:3:   layout_cave_pods, swamp_mist, guppyfry_snake_entry_garden
Lair:4:   layout_gridlike
Lair:5:   evilmike_catoblepas_cave, layout_small_grid,
          dpeg_slime_entry_enclosed, lemuel_fruit_fields
Orc:1:    layout_caves, serial_shops, nicolae_shop_stone, uniq_jorgrun
Orc:2:    st_orc_ogre_mass, layout_diamond_mine, basic_altar

Skill      XL: |  1  2  3  4  5  6  7  8  9 10 11 12 13 14 15 16 |
---------------+-------------------------------------------------+-----
Fighting       | 1 2 3 5 6 8 9 10 11 | 11.8
Armour         | 1 2 3 4 5 6 8 9 10 11 | 11.3
Stealth        | 2 |  2.0
Spellcasting   | 3 4 5 6 7 9 10 11 12 13 | 13.2
Short Blades   | 1 2 |  2.0
Dodging        | 3 4 5 6 7 8 9 10 11 | 11.5
Evocations     | 1 2 3 |  3.0
Invocations    | 3 4 5 6 7 8 9 |  9.6
Throwing       | 2 |  2.0
Long Blades    | 3 5 6 |  6.4
Ranged Weapons | 3 |  3.0

Action                     |  1- 3 |  4- 6 |  7- 9 | 10-12 | 13-15 | 16-18 || total
---------------------------+-------+-------+-------+-------+-------+-------++-------
  Melee: Dagger            |       |     9 |     5 |     6 |       |       ||    20
         Short sword       |       |       |       |       |     3 |       ||     3
         Great sword       |       |       |       |       |       |     6 ||     6
   Fire: Arbalest          |       |       |       |       |    47 |       ||    47
  Throw: Dart              |       |       |       |     7 |     1 |       ||     8
         Throwing net      |       |       |       |       |     1 |       ||     1
   Cast: Foxfire           |    73 |    91 |   155 |   252 |   551 |   212 ||  1334
         Scorch            |     1 |    36 |   101 |   100 |   316 |   149 ||   703
         Mephitic Cloud    |       |       |     3 |    47 |    71 |    24 ||   145
         Flame Wave        |       |       |       |     3 |    35 |    10 ||    48
         Kiss of Death     |       |       |       |     1 |     1 |     2 ||     4
         Fulminant Prism   |       |       |       |       |     6 |     5 ||    11
         Inner Flame       |       |       |       |       |     3 |       ||     3
  Evoke: Wand              |       |       |       |    13 |     3 |       ||    16
         Lightning rod     |       |       |       |       |     4 |     4 ||     8
         Phantom mirror    |       |       |       |       |     1 |     1 ||     2
         Box of beasts     |       |       |       |       |     1 |       ||     1
    Use: Scroll            |       |     9 |    12 |     9 |    11 |     5 ||    46
         Potion            |       |       |       |     3 |     2 |     3 ||     8
 Armour: Robe              |       |     1 |    14 |     7 |     6 |       ||    28
         Ring mail         |       |       |       |       |    59 |    16 ||    75
  Dodge: Dodged            |     2 |     4 |    39 |    43 |   151 |    59 ||   298
  Block: Other             |       |       |       |       |    60 |    19 ||    79
         Reflection        |       |       |       |       |     9 |     3 ||    12

Table legend: (Time is in decaauts)
 A = Elapsed time spent in this place.
 B = Non-inter-level travel time spent in this place.
 C = Inter-level travel time spent in this place.
 D = Time resting spent in this place.
 E = Time spent auto-exploring this place.
 F = Levels seen in this place.
 G = Mean time per level.
                   A        B        C        D        E       F      G
               +--------+--------+--------+--------+--------+-----+--------+
         Total |  23142 |  21872 |   1270 |   2926 |  12968 |  25 |  925.7 |
       Dungeon |  11737 |  10811 |    926 |    884 |   7774 |  12 |  978.1 |
        Temple |     16 |     11 |      5 |      0 |      1 |   1 |   16.0 |
          Lair |   5112 |   4866 |    246 |    138 |   3506 |   5 | 1022.4 |
  Orcish Mines |   1430 |   1337 |     93 |    103 |    771 |   2 |  715.0 |
       Ossuary |    512 |    512 |      0 |    251 |     75 |   1 |  512.0 |
        Bailey |   1604 |   1604 |      0 |    355 |    444 |   1 | 1604.0 |
      Ice Cave |    921 |    921 |      0 |    412 |    186 |   1 |  921.0 |
       Volcano |    918 |    918 |      0 |    264 |     61 |   1 |  918.0 |
      Gauntlet |    887 |    887 |      0 |    519 |    150 |   1 |  887.0 |
               +--------+--------+--------+--------+--------+-----+--------+

Top non-repeatable levels by time:
    D:10: 1717 daAuts
  Bailey: 1604 daAuts
  Lair:5: 1270 daAuts
     D:8: 1182 daAuts
     D:5: 1150 daAuts
     D:3: 1147 daAuts
     D:9: 1126 daAuts
  Lair:2: 1114 daAuts
  Lair:1: 1091 daAuts
    D:11: 1050 daAuts
     D:4: 1016 daAuts
   Orc:2: 987 daAuts
   IceCv: 921 daAuts
 Volcano: 918 daAuts
     D:6: 897 daAuts
